 Dungeon Crawl Stone Soup version 0.31-a0-455-g1a7b003ef0 (webtiles) character file.

Game seed: 1917142086820500526

18 ytrimaz the Changeling (level 2, 11/21 HPs)
             Began as a Demonspawn Shapeshifter on Aug 3, 2023.
             Quit the game on level 1 of the Dungeon.
             The game lasted 00:00:49 (496 turns).

ytrimaz the Changeling (Demonspawn Shapeshifter)     Turns: 496, Time: 00:00:50

Health: 11/21      AC: 10    Str: 15    XL:     2   Next: 48%
Magic:  2/2        EV:  7    Int:  9    God:
Gold:   44         SH:  0    Dex: 13    Spells: 1/1 levels left

rFire   . .          .
                       - Unarmed
rCold   . . .        (no shield)
rNeg    + . .        d - +2 chain mail {rN+}
rPois   .            (helmet currently unavailable)
rElec   .            (cloak currently unavailable)
rCorr   .            (gloves currently unavailable)
SInv    .            (boots currently unavailable)
Will    .....        (no amulet) Stlth
                     (no ring)
HPRegen 0.23/turn    (no ring)
MPRegen 0.08/turn

%: no passive effects
@: beast-form
A: beast (slay +2), foul stench 1
a: Begin Untransformation


You were on level 1 of the Dungeon.
You were a hulking beast.
You visited 1 branch of the dungeon, and saw 1 of its levels.

You collected 44 gold pieces.


Innate Abilities, Weirdness & Mutations

You are a hulking beast.
Your limbs bulge with bestial killing power. (Slay +2)
You may rarely emit foul miasma when damaged in melee.


   Skills:
 + Level 1.4 Fighting
 - Level 1.7 Dodging
 + Level 2.9 Unarmed Combat
 * Level 3.0 Shapeshifting


You had one spell level left.
You didn't know any spells.
Your spell library was empty.

Inventory:

Armour
 a - a +0 animal skin
 d - a +2 chain mail of positive energy (worn)
   (You found it on level 1 of the Dungeon)
Jewellery
 e - an amulet of guardian spirit
   (You found it on level 1 of the Dungeon)
Talismans
 c - a beast talisman (active)
Potions
 b - a potion of lignification

Dungeon Overview and Level Annotations

Branches:
Dungeon (1/15) Zot: 5506

Altars:

####### #######
##.....######)....#
#.................#
.....#.....#..#....+
##...#....†#..#....#
#...##...##.###h..#
#....#...#..# #...#
#....##.##.## ##..#
#.....#.#..#...#..#
#.....###.##...##.#
#......#..#(.... .#
#......#..#.... .#
###............. .#
#........#...#


There were no monsters in sight!


Message History

No target in view!
Unknown command.
No target in view! 😕 HP[+1] Key pressed, stopping explore.
You now have 40 gold pieces (gained 4).
A jackal and a hobgoblin come into view.
The jackal barks!
The hobgoblin shouts! 😎 HP[+3]
Your hp is fully restored (21).
There are monsters nearby!
There are monsters nearby!
There are monsters nearby!
There are monsters nearby!
The jackal bites you. 😕 HP[-1]
You take 1 damage, and now have 20/21 hp.
You hit the jackal. The jackal barely misses you.
The hobgoblin hits you but does no damage.
Unknown command.
You closely miss the jackal.
The jackal bites you but does no damage.
The hobgoblin barely misses you. The jackal closely misses you. 😎 HP[+1]
Your hp is fully restored (21).
You closely miss the jackal.
The jackal bites you but does no damage.
The hobgoblin hits you but does no damage.
Unknown command.
You hit the hobgoblin.
The jackal bites you but does no damage.
The hobgoblin barely misses you.
You barely miss the jackal. The jackal bites you.
The hobgoblin hits you but does no damage.
The jackal bites you but does no damage. 😕 HP[-1]
You take 1 damage, and now have 20/21 hp.
You barely miss the hobgoblin. The jackal bites you.
The hobgoblin hits you but does no damage. 😕 HP[-1]
You take 1 damage, and now have 19/21 hp.
You hit the jackal but do no damage. The jackal completely misses you.
The hobgoblin hits you but does no damage. 😕 HP[+1] Unknown command.
You closely miss the hobgoblin.
The jackal bites you but does no damage.
The hobgoblin hits you.
The jackal bites you but does no damage. 😕 HP[-4]
You take 4 damage, and now have 16/21 hp.
You hit the jackal.
You kill the jackal!
The hobgoblin hits you.
You emit a cloud of foul miasma! 😮 HP[-2]
You take 2 damage, and now have 14/21 hp.
You are too injured to fight recklessly!
The hobgoblin is engulfed in dark miasma.
The hobgoblin is poisoned.
You kill the hobgoblin!
Unknown command.
You are too injured to fight recklessly! 😮 HP[+1]
You are too injured to fight recklessly!
You are too injured to fight recklessly!
You now have 44 gold pieces (gained 4).
An endoplasm comes into view.
The endoplasm quivers.
An endoplasm is nearby! 😎 HP[+6]
Your hp is fully restored (21).
An endoplasm is nearby!
An endoplasm is nearby!
The endoplasm freezes you.
You are frozen. 😕 HP[-4]
You take 4 damage, and now have 17/21 hp.
You hit the endoplasm. The endoplasm freezes you.
You are frozen. 😮 HP[-4]
You take 4 damage, and now have 13/21 hp.
Unknown command.
You are too injured to fight recklessly!
You hit the endoplasm. The endoplasm hits you. 😮 HP[-2]
You take 2 damage, and now have 11/21 hp.
You hit the endoplasm but do no damage. The endoplasm freezes you.
You are frozen.
* * * LOW HITPOINT WARNING * * *
😨 HP[-1]
You take 1 damage, and now have 10/21 hp.
You are too injured to fight recklessly!
Unknown command.
You punch the endoplasm!
You kill the endoplasm!
You are too injured to fight recklessly! 😮 HP[+1] Are you sure you want to abandon this character and quit the game? (Confirm with "yes".)

Skill      XL: |  1  2 |
---------------+-------+-----
Shapeshifting  | 3 |  3.0
Fighting       | |  1.4
Dodging        | |  1.7
Unarmed Combat | |  2.9

Action                     || total
---------------------------++-------
  Melee: Unarmed           ||    37
         Punch             ||     1
Ability: Begin Untransform ||     1
   Stab: Sleeping          ||     2
 Armour: Chain mail        ||    19
  Dodge: Dodged            ||    15
   Form: Beast             ||     1

Levels and vault maps discovered:
D:1:      lemuel_arrival_funnel, layout_basic, basic_ecumenical_altar,
          minivault_24, minmay_unequal

Notes
Turn   | Place    | Note
-------+----------+-------------------------------------------
     0 | D:1      | ytrimaz the Demonspawn Shapeshifter began the quest for the
                  | Orb.
     0 | D:1      | Reached XP level 1. HP: 15/15 MP: 1/1
     0 | D:1      | magus.rc [v1.9.6]
   291 | D:1      | Gained mutation: You may rarely emit foul miasma when
                  | damaged in melee. [demonic ancestry]
   291 | D:1      | Reached XP level 2. HP: 15/21 MP: 2/2
   395 | D:1      | Reached skill level 3 in Shapeshifting
   496 | D:1      | Quit the game

Vanquished Creatures
  A ball python (D:1)
  3 endoplasms (D:1)
  A goblin (D:1)
  3 hobgoblins (D:1)
  A jackal (D:1)
  A kobold (D:1)
  A quokka (D:1)
  A bat (D:1)
  A frilled lizard (D:1)
  2 rats (D:1)
15 creatures vanquished.

Table legend:
 A = Non-vault XP
 B = Vault XP
 C = Vault XP percentage of total XP
 D = Non-vault monster count
 E = Vault monster count
 F = Vault count percentage of total count
                 A         B        C        D         E       F
            +---------+---------+-------+---------+---------+-------
      Total |      19 |       7 |  26.9 |      11 |       4 |  26.7
            +---------+---------+-------+---------+---------+-------
        D:1 |      19 |       7 |  26.9 |      11 |       4 |  26.7
            +---------+---------+-------+---------+---------+-------

Skill      XL: |  1  2 |
---------------+-------+-----
Shapeshifting  | 3 |  3.0
Fighting       | |  1.4
Dodging        | |  1.7
Unarmed Combat | |  2.9

Action                     || total
---------------------------++-------
  Melee: Unarmed           ||    37
         Punch             ||     1
Ability: Begin Untransform ||     1
   Stab: Sleeping          ||     2
 Armour: Chain mail        ||    19
  Dodge: Dodged            ||    15
   Form: Beast             ||     1

Illustrated notes

Table legend:
 A = Kills in this place as a percentage of kills in the entire game.
 B = Kills by you in this place as a percentage of kills by you in the entire game.
 C = Kills by friends in this place as a percentage of kills by friends in the entire game.
 D = Other kills in this place as a percentage of other kills in the entire game.
 E = Experience gained in this place as a percentage of experience gained in the entire game.
 F = Experience gained in this place divided by the number of levels of this place that you have seen.
                   A       B       C       D       E      F
               +-------+-------+-------+-------+-------+----------------------
         Total | 100.0 | 100.0 |   N/A |   N/A | 100.0 |  26.0
       Dungeon | 100.0 | 100.0 |   N/A |   N/A | 100.0 |  26.0
               +-------+-------+-------+-------+-------+----------------------

Table legend: (Time is in decaauts)
 A = Elapsed time spent in this place.
 B = Non-inter-level travel time spent in this place.
 C = Inter-level travel time spent in this place.
 D = Time resting spent in this place.
 E = Time spent auto-exploring this place.
 F = Levels seen in this place.
 G = Mean time per level.
                   A        B        C        D        E       F      G
               +--------+--------+--------+--------+--------+-----+--------+
         Total |    494 |    438 |     56 |      0 |    320 |   1 |  494.0 |
       Dungeon |    494 |    438 |     56 |      0 |    320 |   1 |  494.0 |
               +--------+--------+--------+--------+--------+-----+--------+

Top non-repeatable levels by time:
     D:1: 494 daAuts
